 Dungeon Crawl Stone Soup version 0.31-a0-221-gbddc013574 (webtiles) character file.

Game seed: 17176342943476160529

58 qw the Shooter (level 4, 0/26 HPs)
             Began as a Gargoyle Hexslinger on July 4, 2023.
             Slain by Sigmund
             ... wielding a +0 scythe
              (3 damage)
             ... on level 2 of the Dungeon.
             The game lasted 00:00:39 (1103 turns).

qw the Shooter (Gargoyle Hexslinger)                Turns: 1103, Time: 00:00:39

Health: 0/26       AC:  9    Str: 12    XL:     4   Next: 1%
Magic:  5/5        EV: 10    Int: 13    God:
Gold:   44         SH:  0    Dex: 14    Spells: 4/5 levels left

rFire   . . .        Y - +1 sling
rCold   . . .        (no shield)
rNeg    + . .        h - +0 ring mail
rPois   inf          (no helmet)
rElec   +            (no cloak)
rCorr   .            (no gloves)
SInv    .            j - +0 pair of boots
Will    .....        (no amulet) Stlth
                     (no ring)
HPRegen 0.24/turn    (no ring)
MPRegen 0.09/turn

%: no passive effects
@: confused
A: sickness immunity, AC +3, negative energy resistance 1, electricity
resistance, torment resistance 1, petrification resistance
a: no special abilities


You were on level 2 of the Dungeon.
You visited 1 branch of the dungeon, and saw 2 of its levels.

You collected 104 gold pieces.
You spent 60 gold pieces at shops.


Innate Abilities, Weirdness & Mutations

You are immune to sickness and miasma.
Your stone body is resilient. (AC +3)
You are immune to poison.
You resist negative energy. (rN+)
You are resistant to electric shocks. (rElec)
You are resistant to unholy torment.
You are immune to petrification.


   Skills:
 - Level 2.0 Fighting
 + Level 3.6 Ranged Weapons
 - Level 1.0 Armour
 - Level 1.5 Dodging
 - Level 1.0 Spellcasting
 - Level 2.6 Hexes


You had 4 spell levels left.
You knew the following spells:

 Your Spells              Type           Power      Damage    Failure   Level
a - Slow                  Hex            28%        N/A       22%         1

Your spell library contained the following spells:

 Spells                   Type           Power      Damage    Failure   Level
 Inner Flame              Hex/Fire       4%         N/A       73%         3
 Portal Projectile        Hex/Tloc       8%         N/A       73%         3
 Cause Fear               Hex            3%         N/A       91%         4

Inventory:

Hand Weapons
 Y - a +1 sling (weapon)
Armour
 f - a +0 pair of gloves
 h - a +0 ring mail (worn)
 j - a +0 pair of boots (worn)
Jewellery
 a - a ring of magical power
Scrolls
 b - 2 scrolls of identify {unknown}
 c - a scroll of butterflies {unknown}
 e - a scroll of teleportation
 k - a scroll of fear {unknown}
Potions
 d - a potion of enlightenment {unknown}
 g - 2 potions of curing
 i - a potion of magic {unknown}

Dungeon Overview and Level Annotations

Branches:
Dungeon (2/15)

Altars:

Shops:
D:1 =   D:2 *=[!

Annotations:
D:2 Sigmund


Message History

Something hits you but does no damage.
You shoot a sling bullet. Something hits you but does no damage.
You shoot a sling bullet. Something hits you but does no damage.
You shoot a sling bullet. Something hits you.
You shoot a sling bullet. Something hits you but does no damage.
You shoot a sling bullet. Something hits you!
You shoot a sling bullet. You shoot a sling bullet.
Something completely misses you.
You shoot a sling bullet. Something hits you!
You shoot a sling bullet. Something hits you but does no damage.
You shoot a sling bullet.
A magic dart appears from out of thin air!
The magic dart hits you.
You shoot a sling bullet. Something hits you but does no damage.
You shoot a sling bullet. Something hits you.
You shoot a sling bullet. Something hits you but does no damage.
You shoot a sling bullet.
A magic dart appears from out of thin air!
The magic dart hits you but does no damage.
You shoot a sling bullet.
You hear some strange, mumbled words.
You are confused.
Something hits you.
You shoot a sling bullet. You shoot a sling bullet.
Something hits you but does no damage.
You shoot a sling bullet. Something hits you.
You die...

#.##.##......# #...
#.##.######### ....
##... #.##.# .... #....
#.##.# ..... #....
#.##.# ..... #.... #.#
######?..... #..). #.##
###....#{..... #....
#.##.#####.............
#.... #.#............@#
#.... #.#.............#
#####
#.#.<..........### #.
#.########.#.#...#
####. #.# #.#.#...#
##...% ##.## #.#.#.....
#..### ....#
#.#.#...#### ###.## #
....#
#.#.#.....######...# #
....##
#.#.#.%...#\'.#..### #


There were no monsters in sight!

Vanquished Creatures
  A worm (D:2)
  6 dart slugs
  5 ball pythons
  6 bats
  2 endoplasms (D:2)
  A giant cockroach (D:1)
  5 goblins
  5 hobgoblins
  2 quokkas (D:1)
  3 frilled lizards
  4 kobolds
  3 rats
43 creatures vanquished.

Notes
Turn   | Place    | Note
-------+----------+-------------------------------------------
     0 | D:1      | qw the Gargoyle Hexslinger began the quest for the Orb.
     0 | D:1      | Reached XP level 1. HP: 12/12 MP: 2/2
     0 | D:1      | 0 ||| qw: Version: 0.3-a-41-g9d075ac
     0 | D:1      | 0 ||| qw: Game counter: 687
     0 | D:1      | 0 ||| qw: Melee chars always use a shield: true
     0 | D:1      | 0 ||| qw: God list: Okawaru
     0 | D:1      | 0 ||| qw: Allow faded altars: false
     0 | D:1      | 0 ||| qw: Do Orc after clearing Dungeon:15 true
     0 | D:1      | 0 ||| qw: Do second Lair branch before Depths: true
     0 | D:1      | 0 ||| qw: Lair rune preference: random
     0 | D:1      | 0 ||| qw: Goals: Normal
     0 | D:1      | 0 ||| PLANNING D:1-11
    85 | D:1      | Found Timataor's Jewellery Shop.
    94 | D:1      | 94 ||| SHOPLISTING ring "Maekliv" {Fly rCorr Str+6 Int-4
                  | SInv} (465 gold, have 14).
    94 | D:1      | 94 ||| SHOPLISTING ring of Amyesmox {rF+ Will+} (376 gold,
                  | have 14).
    94 | D:1      | 94 ||| SHOPLISTING ring of positive energy (200 gold, have
                  | 14).
    94 | D:1      | 94 ||| SHOPLISTING ring of protection from fire (250 gold,
                  | have 14).
   103 | D:1      | Reached XP level 2. HP: 16/16 MP: 3/3
   130 | D:1      | Found a faded altar of an unknown god.
   141 | D:1      | Reached skill level 3 in Ranged Weapons
   360 | D:1      | Reached XP level 3. HP: 21/21 MP: 4/4
   539 | D:1      | 539 ||| FLEEEEING.
   540 | D:1      | 540 ||| FLEEEEING.
   541 | D:1      | 541 ||| FLEEEEING.
   542 | D:1      | 542 ||| FLEEEEING.
   543 | D:1      | 543 ||| FLEEEEING.
   617 | D:1      | 617 ||| UPGRADING to +0 leather armour.
   627 | D:1      | 627 ||| DROPPING +0 robe.
   628 | D:1      | 628 ||| UPGRADING to +0 ring mail.
   638 | D:1      | 638 ||| DROPPING +0 leather armour.
   639 | D:1      | 639 ||| UPGRADING to +0 pair of boots.
   644 | D:1      | 644 ||| READING scroll labelled UTRECY EC FOST.
   645 | D:1      | 645 ||| READING 2 scrolls labelled USUSHO TYNAUGG.
   649 | D:1      | 649 ||| DROPPING scroll of poison.
   731 | D:2      | Found Coerph's Armour Shop.
   742 | D:2      | 742 ||| STAIRDANCE
   809 | D:2      | Reached skill level 1 in Armour
   820 | D:2      | 820 ||| SHOPLISTING +4 ring mail of fire resistance (372
                  | gold, have 83).
   894 | D:2      | Found Zathant's Distillery.
   914 | D:2      | 914 ||| BUYING potion of curing (42 gold).
   914 | D:2      | Bought a potion of curing for 42 gold pieces
   914 | D:2      | 914 ||| SHOPLISTING potion of curing (42 gold, have 41).
   914 | D:2      | 914 ||| SHOPLISTING potion of heal wounds (70 gold, have
                  | 41).
   914 | D:2      | 914 ||| SHOPLISTING potion of might (56 gold, have 41).
   914 | D:2      | 914 ||| SHOPLISTING potion of mutation (112 gold, have 41).
   914 | D:2      | 914 ||| SHOPLISTING potion of resistance (140 gold, have
                  | 41).
   942 | D:2      | Found Ojufayno's Jewellery Shoppe.
   948 | D:2      | Found Vel Joan's Assorted Antiques.
   952 | D:2      | 952 ||| SHOPLISTING amulet of reflection (420 gold, have
                  | 47).
   952 | D:2      | 952 ||| SHOPLISTING ring of fire (350 gold, have 47).
   952 | D:2      | 952 ||| SHOPLISTING ring of ice (350 gold, have 47).
   952 | D:2      | 952 ||| SHOPLISTING ring of protection from fire (350 gold,
                  | have 47).
   952 | D:2      | 952 ||| SHOPLISTING ring of see invisible (210 gold, have
                  | 47).
   958 | D:2      | Reached XP level 4. HP: 26/26 MP: 5/5
   960 | D:2      | 960 ||| SHOPLISTING bone wand (80 gold, have 47).
   960 | D:2      | 960 ||| SHOPLISTING dyed leather armour (100 gold, have
                  | 47).
   960 | D:2      | 960 ||| BUYING green potion (18 gold).
   960 | D:2      | Bought a green potion for 18 gold pieces
   960 | D:2      | 960 ||| SHOPLISTING scroll of teleportation (60 gold, have
                  | 29).
  1078 | D:2      | Noticed Sigmund
  1095 | D:2      | HP: 6/26 [something/magic dart (5)]
  1097 | D:2      | HP: 2/26 [something (4)]
  1103 | D:2      | Slain by Sigmund

Levels and vault maps discovered:
D:1:      saegor_arrival_simple_e, layout_rooms, serial_shops, shop,
          hellmonk_ecumenical_altar_zigzags
D:2:      layout_basic, serial_shops, nicolae_shop_tiny_waterfront,
          shop_fountains, nicolae_shop_window_shopping, shop, shop,
          kennysheep_nub, uniq_sigmund

Skill      XL: |  1  2  3 |
---------------+----------+-----
Ranged Weapons | 3 |  3.6
Fighting       | 2 |  2.0
Armour         | 1 |  1.0
Dodging        | |  1.5
Spellcasting   | |  1.0
Hexes          | |  2.6

Action                     |  1- 3 |  4- 6 || total
---------------------------+-------+-------++-------
   Fire: Sling             |   144 |    30 ||   174
    Use: Scroll            |     2 |       ||     2
 Armour: Robe              |    18 |       ||    18
         Ring mail         |    15 |    10 ||    25
  Dodge: Dodged            |    47 |     6 ||    53

Table legend:
 A = Non-vault XP
 B = Vault XP
 C = Vault XP percentage of total XP
 D = Non-vault monster count
 E = Vault monster count
 F = Vault count percentage of total count
                 A         B        C        D         E       F
            +---------+---------+-------+---------+---------+-------
      Total |      83 |       0 |   0.0 |      43 |       0 |   0.0
            +---------+---------+-------+---------+---------+-------
        D:1 |      51 |       0 |   0.0 |      27 |       0 |   0.0
        D:2 |      32 |       0 |   0.0 |      16 |       0 |   0.0
            +---------+---------+-------+---------+---------+-------
